 Dungeon Crawl Stone Soup version 0.29.0-4-gdea44cf6ec (webtiles) character file.

Game seed: 6158799472787124135

4938 qw the Cleaver (level 10, 0/64 HPs)
             Began as a Gargoyle Fighter on Sept 9, 2022.
             Was a Priest of Okawaru.
             Slain by an Executioner (1 damage)
             ... on level 3 of the Abyss.
             The game lasted 00:03:05 (7802 turns).

qw the Cleaver (Gargoyle Fighter)                   Turns: 7802, Time: 00:03:05

Health: 0/64       AC: 29    Str: 24    XL:     10   Next: 52%
Magic:  11/13      EV:  8    Int:  9    God:    Okawaru [***...]
Gold:   250        SH:  6    Dex:  9    Spells: 9/9 levels left

rFire   . . .      SeeInvis .   Y - +1 war axe (elec)
rCold   + . .      Faith    .   c - +0 buckler
rNeg    + . .      Spirit   .   h - +0 plate armour
rPois   inf        Reflect  .   (no helmet)
rElec   +          Harm     .   (no cloak)
rCorr   .          Rampage  .   p - +2 pair of gloves
Will    .....                   (no boots)
Stlth   ..........              (no amulet)
HPRegen 0.20/turn               k - +4 ring of protection
MPRegen 0.13/turn               l - ring of protection from cold

@: heroic
A: sickness immunity, AC +7, negative energy resistance 1, electricity
resistance, torment resistance 1, petrification resistance, [no potion heal 2]
a: Renounce Religion, Heroism


You were on level 3 of the Abyss.
You worshipped Okawaru.
Okawaru was most pleased with you.
You visited 2 branches of the dungeon, and saw 9 of its levels.
You visited the Abyss 1 time.
You also visited: Ossuary.

You collected 400 gold pieces.
You spent 150 gold pieces at shops.


Innate Abilities, Weirdness & Mutations

You are immune to sickness and miasma.
Your stone body is resilient. (AC +7)
You are immune to poison.
You resist negative energy. (rN+)
You are resistant to electric shocks. (rElec)
You are resistant to unholy torment.
You are immune to petrification.
[Potions cannot restore your health.]


   Skills:
 - Level 8.2(13.2) Fighting
 + Level 10.4(15.4) Axes
 - Level 2.3(7.3) Throwing
 - Level 6.1(11.1) Armour
 - Level 1.0(6.0) Dodging
 - Level 5.1(10.1) Shields
 - Level 4.0 Invocations


You had 9 spell levels left.
You didn't know any spells.
Your spell library was empty.

Inventory:

Hand Weapons
 n - the +7 whip of Blood-Lust {speed, rElec}
   (You found it on level 3 of the Dungeon)

   Attacks with this weapon are significantly faster.
   rElec:     It insulates you from electricity.
 Y - a +1 war axe of electrocution (weapon)
Missiles
 j - 9 boomerangs (quivered)
Armour
 c - a +0 buckler (worn)
 h - a +0 plate armour (worn)
 p - a +2 pair of gloves (worn)
Jewellery
 k - a +4 ring of protection (left hand)
 l - a ring of protection from cold (right hand)
Wands
 e - a wand of digging (3)
Scrolls
 o - a scroll of identify
 r - 5 scrolls of teleportation
Potions
 a - a potion of attraction
 b - 9 potions of curing
 d - a potion of might
 g - a potion of heal wounds
 i - a potion of magic {unknown}
 m - a potion of resistance
 q - a potion of haste {unknown}
 s - 3 potions of cancellation
 t - a potion of lignification {unknown}

Dungeon Overview and Level Annotations

Branches:
Dungeon (8/15)             Temple (1/1) D:4         Ossuary (visited)
   Lair: D:8-11

Altars:
Ashenzari
Cheibriados
Dithmenos
Elyvilon
Fedhas
Gozag
Hepliaklqana
Kikubaaqudgha
Makhleb
Nemelex Xobeh
Okawaru
Qazlal
Ru
Sif Muna
Trog
Uskayaw
Vehumet
Wu Jian
Xom
Yredelemnul
Zin

Shops:
D:2 :   D:4 ?   D:8 (

Annotations:
D:8 3 runed translucent doors, Psyche; qw's ghost, novice TrCA


Message History

You kill the iron imp!
Okawaru accepts your kill.
You hit the raiju but do no damage. You slash the raiju!
You hit the wretched star but do no damage.
The raiju bites you but does no damage.
The raiju bursts into living lightning!
The living lightning hits you. You resist.
The raiju blinks!
The wretched star glows turbulently.
The lance of force hits you!
You are knocked back by the lance of force.
You slam into the metal wall!
The raiju bursts into living lightning!
The living lightning hits you. You resist.
The raiju blinks!
The raiju bursts into living lightning!
The living lightning misses you.
The raiju blinks!
You feel like a meek peon again.
The raiju bursts into living lightning!
The living lightning hits you. You resist.
The raiju blinks!
7714 ||| INVOKING Heroism.
You gain the combat prowess of a mighty hero.
You plunge deeper into the Abyss.
The abyssal rune of Zot can be found at this depth.
Found a gateway leading deeper into the Abyss.
Magic restored.
You feel like a meek peon again.
An Executioner comes into view.
The Executioner moves out of view.
An Executioner is nearby!
7800 ||| INVOKING Heroism.
You gain the combat prowess of a mighty hero.
The Executioner gives a hideous shriek!
The Executioner gestures.
The Executioner seems to speed up.
The Executioner closely misses you.
The Executioner hits you but does no damage. x2
You slice the Executioner!!
The Executioner is moderately wounded.
The Executioner hits you!!
The Executioner hits you but does no damage.
The Executioner hits you.
You die...

## .#
....ยค..##.. ##
.#..##....# ...
#.>.#....###....
....#..#..#..#.
.##..........##
#..#.1.........
.#..#.@........
#.....###. ..
#...#.#.##
....#.#....#
.##..# ###.#
.... ..# .....
.# ..#.. . .. .#


You could see an Executioner (fast).

Vanquished Creatures
  Pikel (D:6)
  Joseph (D:8)
  An efreet (Abyss:2)
  2 raiju (Abyss:2)
  Sigmund (D:5)
  A wraith (Abyss:2)
  A steam dragon (D:7)
  Menkaure (D:5)
  2 water moccasins
  Duvessa (D:6)
  2 black bears
  2 sky beasts
  2 ogres
  2 lemures (D:6)
  2 bullfrogs (D:8)
  A necrophage (D:8)
  6 scorpions
  2 water moccasin zombies (Ossuary)
  5 wights (D:7)
  Dowan (D:6)
  3 howler monkeys (D:7)
  An electric eel (D:7)
  A quasit (Abyss:2)
  5 jellies
  3 orc priests
  6 hounds
  An iron imp (Abyss:2)
  6 iguanas
  7 orc wizards
  2 mummies (Ossuary)
  8 adders
  6 white imps
  An ufetubus (D:5)
  3 adder zombies (Ossuary)
  2 worms (D:2)
  22 orcs
  12 endoplasms
  3 giant cockroaches
  5 gnoll zombies (Ossuary)
  4 hobgoblins
  10 jackals
  11 kobolds
  2 quokkas
  4 ball pythons
  3 bats
  A frilled lizard (D:1)
  3 goblins
  4 hobgoblin zombies (Ossuary)
  6 kobold zombies (Ossuary)
  7 orc zombies (Ossuary)
  2 rats
191 creatures vanquished.

Vanquished Creatures (others)
  A fungus (D:3)
  9 toadstools (D:3)
10 creatures vanquished.

Grand Total: 201 creatures vanquished

Notes
Turn   | Place    | Note
-------+----------+-------------------------------------------
     0 | D:1      | qw the Gargoyle Fighter began the quest for the Orb.
     0 | D:1      | Reached XP level 1. HP: 14/14 MP: 1/1
     0 | D:1      | 0 ||| qw: Version: 0.1-a-113-g051387a
     0 | D:1      | 0 ||| qw: Game counter: 7208
     0 | D:1      | 0 ||| qw: Always use a shield: true
     0 | D:1      | 0 ||| qw: God list: Okawaru
     0 | D:1      | 0 ||| qw: Allow faded altars: false
     0 | D:1      | 0 ||| qw: Do Orc after D:15 true
     0 | D:1      | 0 ||| qw: Do second Lair branch before Depths: true
     0 | D:1      | 0 ||| qw: Lair rune preference: random
     0 | D:1      | 0 ||| qw: Plans: Normal, Zot, God:TSO, Crypt, Tomb, Zig,
                  | Orb
     0 | D:1      | 0 ||| PLANNING D:1-11
     6 | D:1      | 6 ||| UPGRADING to +0 chain mail.
    10 | D:1      | 10 ||| UPGRADING to +0 chain mail.
    20 | D:1      | 20 ||| DROPPING +0 scale mail.
    88 | D:1      | Reached skill level 2 in Axes
   146 | D:1      | 146 ||| UPGRADING to +0 plate armour.
   156 | D:1      | 156 ||| DROPPING +0 chain mail.
   268 | D:1      | Found a faded altar of an unknown god.
   355 | D:1      | Reached XP level 2. HP: 19/19 MP: 2/2
   385 | D:1      | 385 ||| Stepping ~*~*~tactically~*~*~ (stealth).
   457 | D:1      | 457 ||| DROPPING +0 club.
   681 | D:1      | 681 ||| UPGRADING to +4 ring of protection.
   682 | D:1      | 682 ||| UPGRADING to ring of protection from cold.
   683 | D:1      | 683 ||| READING scroll labelled PILEUC ROAWIU.
   684 | D:1      | 684 ||| READING scroll labelled YTESTA ZIUXKEG.
   685 | D:1      | 685 ||| READING scroll labelled YSSALO OGUN.
   686 | D:1      | 686 ||| READING scroll labelled ORIN VERUDE.
   687 | D:1      | 687 ||| DRINKING 2 black potions.
   794 | D:2      | Found Cewiefru's Book Boutique.
   959 | D:2      | Reached skill level 3 in Axes
   959 | D:2      | Reached XP level 3. HP: 22/23 MP: 3/3
  1095 | D:2      | 1095 ||| Stepping ~*~*~tactically~*~*~ (stealth).
  1537 | D:2      | Reached XP level 4. HP: 28/28 MP: 4/4
  1798 | D:2      | 1798 ||| UPGRADING to +0 pair of gloves.
  1803 | D:2      | 1803 ||| UPGRADING to +1 pair of gloves.
  1813 | D:2      | 1813 ||| DROPPING +0 pair of gloves.
  1814 | D:2      | 1814 ||| READING scroll labelled ATZIOS SAFOMM.
  1815 | D:2      | 1815 ||| READING scroll labelled OTUCENIRAI.
  1816 | D:2      | 1816 ||| READING scroll labelled TEGREOKARPH.
  1817 | D:2      | 1817 ||| READING 2 scrolls labelled JYVUEG ACKAP.
  1821 | D:2      | 1821 ||| DRINKING 2 bubbling puce potions.
  1923 | D:3      | Found a shimmering blue altar of Sif Muna.
  2195 | D:3      | Reached skill level 4 in Axes
  2207 | D:3      | Reached XP level 5. HP: 22/32 MP: 5/5
  2215 | D:3      | HP: 8/32 [acid (1)]
  2216 | D:3      | 2216 ||| READING scroll of teleportation.
  2218 | D:3      | Reached skill level 5 in Axes
  2531 | D:3      | Identified the +7 whip of Blood-Lust {speed, rElec}
  2533 | D:3      | 2533 ||| DROPPING +0 whip.
  2967 | D:3      | 2967 ||| READING scroll labelled CAOLUF XUMESUTS.
  2968 | D:3      | 2968 ||| READING scroll labelled EFYNLI KASOCIM.
  3058 | D:4      | Found Gausibacw's Magic Scroll Boutique.
  3060 | D:4      | 3060 ||| STAIRDANCE
  3068 | D:4      | Reached XP level 6. HP: 38/38 MP: 6/6
  3068 | D:4      | Noticed a sky beast
  3082 | D:4      | Killed a sky beast
  3084 | D:4      | 3084 ||| BUYING scroll of enchant armour (90 gold).
  3084 | D:4      | Bought a scroll of enchant armour for 90 gold pieces
  3084 | D:4      | 3084 ||| SHOPLISTING scroll of enchant armour (90 gold,
                  | have 76).
  3084 | D:4      | 3084 ||| SHOPLISTING scroll of enchant weapon (90 gold,
                  | have 76).
  3084 | D:4      | 3084 ||| BUYING scroll of identify (24 gold).
  3084 | D:4      | Bought a scroll of identify for 24 gold pieces
  3084 | D:4      | 3084 ||| BUYING scroll of teleportation (36 gold).
  3084 | D:4      | Bought a scroll of teleportation for 36 gold pieces
  3084 | D:4      | 3084 ||| SHOPLISTING scroll of teleportation (36 gold, have
                  | 16).
  3084 | D:4      | 3084 ||| READING scroll of enchant armour.
  3084 | D:4      | 3084 ||| ENCHANTING +1 pair of gloves.
  3191 | D:4      | Found a shadowy altar of Dithmenos.
  3213 | D:4      | Found a staircase to the Ecumenical Temple.
  3214 | D:4      | 3214 ||| PLANNING TEMPLE
  3214 | D:4      | 3214 ||| READING scroll labelled QOHYON VEVIERR.
  3284 | Temple   | Entered the Ecumenical Temple
  3426 | Temple   | 3426 ||| PLANNING D:1-11
  3504 | D:4      | Identified the +9 sling "Iruurchyf" {venom, Str-3 Int+7}
  3537 | D:4      | Found a burning altar of Makhleb.
  3537 | D:4      | Noticed a green death
  3540 | D:4      | Noticed a neqoxec
  3540 | D:4      | Noticed a smoke demon
  3560 | D:4      | 3560 ||| Stepping ~*~*~tactically~*~*~ (stealth).
  3900 | D:4      | 3900 ||| READING 2 scrolls of identify.
  3900 | D:4      | 3900 ||| IDENTIFYING silvery potion
  3901 | D:4      | 3901 ||| DROPPING potion of flight.
  3908 | D:5      | Entered Level 5 of the Dungeon
  3909 | D:5      | 3909 ||| PLANNING OSSUARY
  3990 | D:5      | Noticed Menkaure
  3996 | D:5      | Killed Menkaure
  3997 | D:5      | Reached XP level 7. HP: 43/43 MP: 7/7
  4005 | D:5      | Reached skill level 6 in Axes
  4079 | D:5      | Found a sand-covered staircase.
  4079 | D:5      | Found a snail-covered altar of Cheibriados.
  4088 | Ossuary  | Entered an ossuary
  4157 | Ossuary  | 4157 ||| Stepping ~*~*~tactically~*~*~ (stealth).
  4159 | Ossuary  | 4159 ||| Stepping ~*~*~tactically~*~*~ (stealth).
  4277 | Ossuary  | 4277 ||| DRINKING 2 viscous blue potions.
  4278 | Ossuary  | 4278 ||| DRINKING 3 coppery potions.
  4279 | Ossuary  | 4279 ||| READING 3 scrolls of identify.
  4279 | Ossuary  | 4279 ||| IDENTIFYING fizzy amethyst potion
  4280 | Ossuary  | 4280 ||| READING 2 scrolls of identify.
  4280 | Ossuary  | 4280 ||| IDENTIFYING red potion
  4281 | Ossuary  | 4281 ||| DROPPING potion of invisibility.
  4282 | Ossuary  | 4282 ||| DROPPING potion of degeneration.
  4288 | D:5      | 4288 ||| PLANNING D:1-11
  4304 | D:5      | Found an iron altar of Okawaru.
  4346 | D:5      | Became a worshipper of Warmaster Okawaru
  4369 | D:5      | Reached skill level 7 in Axes
  4369 | D:5      | Reached XP level 8. HP: 48/48 MP: 8/8
  4427 | D:5      | Noticed Sigmund
  4428 | D:5      | 4428 ||| Stepping ~*~*~tactically~*~*~ (hiding).
  4431 | D:5      | 4431 ||| Stepping ~*~*~tactically~*~*~ (stealth).
  4444 | D:5      | Killed Sigmund
  4663 | D:5      | 4663 ||| Stepping ~*~*~tactically~*~*~ (stealth).
  4680 | D:5      | 4680 ||| Stepping ~*~*~tactically~*~*~ (stealth).
  4681 | D:5      | 4681 ||| Stepping ~*~*~tactically~*~*~ (stealth).
  5099 | D:5      | 5099 ||| DRINKING 2 fizzy grey potions.
  5100 | D:5      | 5100 ||| READING 2 scrolls of identify.
  5100 | D:5      | 5100 ||| IDENTIFYING dark potion
  5101 | D:5      | 5101 ||| DROPPING potion of brilliance.
  5121 | D:6      | Found a white marble altar of Elyvilon.
  5137 | D:6      | Noticed Pikel
  5138 | D:6      | 5138 ||| Stepping ~*~*~tactically~*~*~ (stealth).
  5153 | D:6      | Killed Pikel
  5153 | D:6      | Reached * piety under Okawaru
  5154 | D:6      | Reached skill level 9 in Axes
  5154 | D:6      | Reached XP level 9. HP: 28/55 MP: 9/9
  5159 | D:6      | 5159 ||| FLEEEEING.
  5160 | D:6      | 5160 ||| FLEEEEING.
  5173 | D:6      | 5173 ||| FLEEEEING.
  5174 | D:6      | 5174 ||| FLEEEEING.
  5175 | D:6      | 5175 ||| FLEEEEING.
  5176 | D:6      | 5176 ||| FLEEEEING.
  5177 | D:6      | 5177 ||| FLEEEEING.
  5181 | D:6      | 5181 ||| FLEEEEING.
  5182 | D:6      | 5182 ||| STAIRDANCE
  5346 | D:6      | 5346 ||| INVOKING Heroism.
  5353 | D:6      | Reached skill level 1 in Invocations
  5491 | D:6      | Reached skill level 1 in Dodging
  5750 | D:6      | 5750 ||| Stepping ~*~*~tactically~*~*~ (stealth).
  5781 | D:6      | 5781 ||| INVOKING Heroism.
  5787 | D:6      | Reached skill level 6 in Fighting
  5811 | D:6      | Noticed Dowan
  5811 | D:6      | Noticed Duvessa
  5812 | D:6      | 5812 ||| INVOKING Heroism.
  5818 | D:6      | Killed Dowan
  5820 | D:6      | Killed Duvessa
  5821 | D:6      | Reached skill level 3 in Invocations
  5943 | D:6      | 5943 ||| READING 2 scrolls of identify.
  5943 | D:6      | 5943 ||| IDENTIFYING ruby potion
  5944 | D:6      | 5944 ||| DROPPING potion of berserk rage.
  5955 | D:7      | 5955 ||| INVOKING Heroism.
  5999 | D:7      | Found a sparkling altar of Nemelex Xobeh.
  6002 | D:7      | Found a glowing silver altar of Zin.
  6018 | D:7      | 6018 ||| Stepping ~*~*~tactically~*~*~ (stealth).
  6022 | D:7      | 6022 ||| Stepping ~*~*~tactically~*~*~ (hiding).
  6039 | D:7      | 6039 ||| INVOKING Heroism.
  6066 | D:7      | 6066 ||| INVOKING Heroism.
  6077 | D:7      | 6077 ||| Stepping ~*~*~tactically~*~*~ (cloud).
  6104 | D:7      | 6104 ||| FLEEEEING.
  6105 | D:7      | 6105 ||| FLEEEEING.
  6281 | D:7      | 6281 ||| INVOKING Heroism.
  6308 | D:7      | Reached ** piety under Okawaru
  6390 | D:7      | 6390 ||| Stepping ~*~*~tactically~*~*~ (hiding).
  6394 | D:7      | 6394 ||| INVOKING Heroism.
  6424 | D:7      | 6424 ||| INVOKING Heroism.
  6428 | D:7      | Reached skill level 6 in Armour
  6677 | D:7      | Reached XP level 10. HP: 55/63 MP: 13/13
  6885 | D:7      | 6885 ||| READING 2 scrolls of identify.
  6885 | D:7      | 6885 ||| IDENTIFYING fuming puce potion
  6886 | D:7      | 6886 ||| DROPPING potion of ambrosia.
  6895 | D:8      | Found a runed translucent gate.
  6895 | D:8      | Found a runed translucent gate.
  6896 | D:8      | Found a runed translucent gate.
  6898 | D:8      | Noticed qw's ghost (novice TrCA)
  6999 | D:8      | Noticed Joseph
  7000 | D:8      | 7000 ||| Stepping ~*~*~tactically~*~*~ (hiding).
  7012 | D:8      | 7012 ||| INVOKING Heroism.
  7014 | D:8      | Killed Joseph
  7015 | D:8      | Reached skill level 10 in Axes
  7429 | D:8      | 7429 ||| INVOKING Heroism.
  7450 | D:8      | Found Wamyewus's Antique Weapon Shop.
  7480 | D:8      | 7480 ||| INVOKING Heroism.
  7485 | D:8      | 7485 ||| Stepping ~*~*~tactically~*~*~ (stealth).
  7486 | D:8      | 7486 ||| Stepping ~*~*~tactically~*~*~ (stealth).
  7620 | D:8      | Noticed Psyche
  7621 | D:8      | 7621 ||| INVOKING Heroism.
  7625 | Abyss:2  | Cast into level 2 of the Abyss (Psyche)
  7660 | Abyss:2  | 7660 ||| Stepping ~*~*~tactically~*~*~ (stealth).
  7672 | Abyss:2  | 7672 ||| INVOKING Heroism.
  7687 | Abyss:2  | 7687 ||| Stepping ~*~*~tactically~*~*~ (stealth).
  7688 | Abyss:2  | 7688 ||| Stepping ~*~*~tactically~*~*~ (hiding).
  7690 | Abyss:2  | 7690 ||| INVOKING Heroism.
  7700 | Abyss:2  | Reached *** piety under Okawaru
  7702 | Abyss:2  | Received a gift from Okawaru
  7703 | Abyss:2  | HP: 16/64 [raiju (5)]
  7704 | Abyss:2  | 7704 ||| READING 6 scrolls of teleportation.
  7704 | Abyss:2  | HP: 7/64 [iron imp (6)]
  7704 | Abyss:2  | Noticed a wretched star
  7705 | Abyss:2  | 7705 ||| DRINKING 2 potions of heal wounds.
  7711 | Abyss:2  | HP: 9/64 [wretched star/lance of force (12)]
  7712 | Abyss:2  | HP: 3/64 [raiju/living lightning (6)]
  7713 | Abyss:2  | HP: 1/64 [raiju/living lightning (2)]
  7714 | Abyss:2  | 7714 ||| INVOKING Heroism.
  7797 | Abyss:3  | Noticed an Executioner
  7800 | Abyss:3  | 7800 ||| INVOKING Heroism.
  7802 | Abyss:3  | HP: 1/64 [Executioner (18)]
  7802 | Abyss:3  | Slain by an Executioner

Levels and vault maps discovered:
D:1:      scummos_arrival_star, layout_loops_ring,
          hellmonk_ecumenical_altar_lost_god
D:2:      layout_loops_corners, serial_shops, shop,
          corexii_item_surrounded_by_moat, chequers_serial_rivers_micro_b,
          minmay_parallelograms, nrook_mini_backslash
D:3:      cheibrodos_fertilizer, layout_basic, led_sif_pool, grunt_ministairs_3
D:4:      layout_loops_ring, lemuel_round_altar, makhleb_altar_promises_db,
          temple_green, nicolae_stop_n_shop_1
D:5:      layout_basic, mainiacjoe_overflow_six_doors_small,
          lemuel_crystal_altar, enter_ossuary_1, uniq_menkaure, uniq_sigmund
D:6:      layout_gridville, elyvilon_altar_1, uniq_duvessa, uniq_pikel
D:7:      layout_gridville, nicolae_overflow_squiral, enter_bailey_2
D:8:      layout_loops_ring, ebering_ghost_rock_garden, serial_shops,
          nicolae_take_the_stairs, uniq_psyche, uniq_joseph
Temple:   hellmonk_temple_forest_ring
Abyss:3:  base: D:6, abyss_furniture_001

Skill      XL: |  1  2  3  4  5  6  7  8  9 10 |
---------------+-------------------------------+-----
Axes           | 2 3 4 5 7 9 10 | 10.4
Fighting       | 4 5 7 8 |  8.2
Throwing       | 2 |  2.3
Armour         | 4 6 |  6.1
Invocations    | 4 |  4.0
Dodging        | 1 |  1.0
Shields        | 4 5 |  5.1

Action                   |  1- 3 |  4- 6 |  7- 9 | 10-12 || total
-------------------------+-------+-------+-------+-------++-------
Melee: War axe           |    69 |   112 |   289 |    86 ||   556
Throw: Boomerang         |    32 |    26 |    43 |    16 ||   117
Invok: Heroism           |       |       |     9 |     8 ||    17
  Use: Scroll            |     4 |    10 |     4 |     2 ||    20
       Potion            |     1 |     1 |     3 |     1 ||     6
Armor: Chain mail        |     6 |       |       |       ||     6
       Plate armour      |    43 |    90 |   164 |    69 ||   366
       Scale mail        |     1 |       |       |       ||     1
Dodge: Dodged            |    15 |    30 |    53 |    17 ||   115
Block: Buckler           |     6 |    15 |    45 |    25 ||    91

Table legend:
 A = Non-vault XP
 B = Vault XP
 C = Vault XP percentage of total XP
 D = Non-vault monster count
 E = Vault monster count
 F = Vault count percentage of total count
                 A         B        C        D         E       F
            +---------+---------+-------+---------+---------+-------
      Total |    4978 |    2077 |  29.4 |     136 |      53 |  28.0
            +---------+---------+-------+---------+---------+-------
        D:1 |      22 |       0 |   0.0 |      14 |       0 |   0.0
        D:2 |      68 |       0 |   0.0 |      16 |       0 |   0.0
        D:3 |      42 |     168 |  80.0 |       5 |      18 |  78.3
        D:4 |     209 |       0 |   0.0 |      18 |       0 |   0.0
        D:5 |     683 |     403 |  37.1 |      20 |       2 |   9.1
        D:6 |     506 |     820 |  61.8 |      17 |       3 |  15.0
        D:7 |    1629 |       0 |   0.0 |      29 |       0 |   0.0
        D:8 |     635 |     455 |  41.7 |      11 |       1 |   8.3
    Abyss:2 |    1184 |       0 |   0.0 |       6 |       0 |   0.0
    Ossuary |       0 |     231 | 100.0 |       0 |      29 | 100.0
            +---------+---------+-------+---------+---------+-------
